 Dungeon Crawl Stone Soup version 0.28-b1-25-g9875b3fc8c (webtiles) character file.

Game seed: 4490552582978372647

629 vvl the Stinger (level 7, -4/85 HPs)
             Began as a Red Draconian Venom Mage on Feb 2, 2022.
             Slain by a hornet zombie (7 damage)
             ... on level 5 of the Dungeon.
             The game lasted 00:10:12 (4293 turns).

vvl the Stinger (Red Draconian Venom Mage)          Turns: 4293, Time: 00:10:13

Health: -4/85      AC: 23    Str:  9 (11) XL:     7   Next: 23%
Magic:  20/20      EV:  2    Int: 16 (17) God:
Gold:   194        SH:  0    Dex:  9 (11) Spells: 7/12 levels left

rFire   . . .      SeeInvis .   l - +0 rapier
rCold   . . .      Faith    .   (no shield)
rNeg    . . .      Spirit   .   (armour unavailable)
rPois   +          Reflect  .   (helmet currently unavailable)
rElec   .          Harm     .   (cloak currently unavailable)
rCorr   .          Rampage  .   (gloves currently unavailable)
Will    .....      NoTele   +   (boots currently unavailable)
Stlth   ++........              b - amulet of magic regeneration
HPRegen 0.24/turn               o - ring of magical power
MPRegen 0.57/turn               (no ring)

@: short of breath, tree-form
A: stationary, stasis, torment immunity, boosted hp, (breathe fire), AC +6,
unfitting armour, (fire resistance 1), (cold-blooded)
a: no special abilities


You were on level 5 of the Dungeon.
You were a tree.
You visited 2 branches of the dungeon, and saw 6 of its levels.

You collected 194 gold pieces.

Inventory:

Hand Weapons
 l - a +0 rapier (weapon)
Missiles
 i - 23 bolts
Jewellery
 b - an amulet of magic regeneration (around neck)
 o - a ring of magical power (left branch)
Wands
 k - a wand of iceblast (14)
Scrolls
 a - 4 scrolls of identify {unknown}
 d - 3 scrolls of holy word {unknown}
 h - 2 scrolls of torment {unknown}
 j - 3 scrolls of immolation {unknown}
 n - a scroll of silence {unknown}
Potions
 e - a potion of attraction {unknown}
 f - a potion of degeneration
 g - 2 potions of flight {unknown}
 m - a potion of curing {unknown}


   Skills:
 + Level 3.1 Fighting
 + Level 3.2 Dodging
 - Level 2.0 Stealth
 + Level 3.3 Spellcasting
 + Level 0.3 Conjurations
 + Level 2.2 Necromancy
 + Level 3.0 Transmutations
 + Level 0.3 Fire Magic
 + Level 4.9 Poison Magic


You had 7 spell levels left.
You knew the following spells:

 Your Spells              Type           Power      Damage    Failure   Level
a - Sting                 Tmut/Pois      60%        1d6       3%          1
b - Olgreb's Toxic Radia  Pois           18%        N/A       24%         4

Your spell library contained the following spells:

 Spells                   Type           Power      Damage    Failure   Level
 Beastly Appendage        Tmut           24%        N/A       5%          1
 Wereblood                Tmut           12%        N/A       8%          2
 Poisonous Vapours        Pois/Air       20%        N/A       10%         2
 Sublimation of Blood     Necr           9%         N/A       11%         2
 Spider Form              Tmut/Pois      15%        N/A       11%         3
 Corpse Rot               Necr/Air       12%        N/A       17%         2
 Mephitic Cloud           Conj/Pois/Air  8%         N/A       26%         3
 Petrify                  Tmut/Erth      7%         N/A       67%         4
 Irradiate                Conj/Tmut      4%         3d15      94%         5


Dungeon Overview and Level Annotations

Branches:
Dungeon (5/15)             Temple (1/1) D:4

Altars:
Ashenzari
Cheibriados
Elyvilon
Gozag
Makhleb
Nemelex Xobeh
Okawaru
Sif Muna
Trog
Vehumet
Wu Jian
Xom
Zin
The Shining One


Innate Abilities, Weirdness & Mutations

You are a tree.
Your roots penetrate the ground, keeping you stationary.
You cannot be teleported.
You are immune to unholy pain and torment.
Your maximum health is greatly increased.
Your equipment is partially melded.
((You can breathe blasts of fire.))
((Your fiery red scales are hard. (AC +6)))
You cannot fit into any form of body armour.
((Your flesh is heat resistant. (rF+)))
((You are cold-blooded and may be slowed by cold attacks.))


Message History

The hornet zombie hits you.
* * * LOW HITPOINT WARNING * * *
Unknown command.
You hit the hornet zombie.
The hornet zombie is heavily damaged.
The hornet zombie hits you but does no damage. x2
You hit the hornet zombie but do no damage.
The hornet zombie is heavily damaged.
The hornet zombie hits you but does no damage.
You hit the hornet zombie.
The hornet zombie is severely damaged.
The hornet zombie hits you but does no damage. x2
You closely miss the hornet zombie.
The hornet zombie is severely damaged.
The hornet zombie hits you but does no damage.
You hit the hornet zombie.
The hornet zombie is severely damaged.
The hornet zombie hits you!
* * * LOW HITPOINT WARNING * * *
The hornet zombie hits you but does no damage.
You hit the hornet zombie.
The hornet zombie is severely damaged.
The hornet zombie hits you but does no damage.
You hit the hornet zombie.
The hornet zombie is almost destroyed.
The hornet zombie hits you but does no damage. x2
You hit the hornet zombie.
The hornet zombie is almost destroyed.
The hornet zombie hits you.
* * * LOW HITPOINT WARNING * * *
You hit the hornet zombie.
The hornet zombie is almost destroyed.
The hornet zombie hits you.
* * * LOW HITPOINT WARNING * * *
The hornet zombie hits you but does no damage.
It was a potion of degeneration.
There was something very wrong with that liquid.
You feel weakened.
You feel dopey.
You feel clumsy. The hornet zombie hits you!
You die...

....####.......#
#. ....#
###.######### #[
...# #............
#. #..#
#.#.######### #.
.># #.#.# #. #.#
#.#.# #. #.# #.#.#
#. #.# #.#.# #.
#.# #♣#.# #. #.#
#Z#.# ## #.# #.#.#
# #.#
#.#.##############
#.#
#.#...............
#.#
#.################
#.###....#
#........#
#.###.##.#


You could see a hornet zombie.

Vanquished Creatures
  Duvessa (D:4)
  An ogre (D:4)
  A phantom (D:4)
  A scorpion (D:4)
  Dowan (D:4)
  2 hounds
  An iguana (D:5)
  Ijyb (D:4)
  9 adders
  A howler monkey skeleton (D:4)
  A worm (D:3)
  2 dart slugs
  An orc (D:4)
  6 endoplasms
  4 giant cockroaches
  9 goblins
  3 hobgoblins
  2 jackals (D:3)
  12 kobolds
  4 quokkas
  6 ball pythons
  3 bats (D:1)
  3 frilled lizards
  4 rats
79 creatures vanquished.

Notes
Turn   | Place    | Note
-------+----------+-------------------------------------------
     0 | D:1      | vvl the Draconian Venom Mage began the quest for the Orb.
     0 | D:1      | Reached XP level 1. HP: 14/14 MP: 3/3
   196 | D:1      | Reached XP level 2. HP: 22/22 MP: 3/5
   255 | D:1      | You fall into a shaft and drop 1 floor!
   338 | D:2      | Reached skill level 1 in Fighting
   339 | D:2      | Reached XP level 3. HP: 25/28 MP: 3/6
   618 | D:2      | Reached XP level 4. HP: 35/35 MP: 4/7
  1685 | D:3      | Found a faded altar of an unknown god.
  1802 | D:1      | Reached XP level 5. HP: 37/41 MP: 8/8
  2316 | D:4      | Noticed Ijyb
  2328 | D:4      | Killed Ijyb
  2329 | D:4      | Reached skill level 1 in Necromancy
  2372 | D:4      | Noticed an ogre
  2380 | D:4      | Killed an ogre
  2381 | D:4      | Reached skill level 4 in Poison Magic
  2507 | D:4      | Found a staircase to the Ecumenical Temple.
  2539 | Temple   | Entered the Ecumenical Temple
  2814 | D:4      | Noticed a phantom
  2866 | D:4      | Killed a phantom
  2867 | D:4      | Reached XP level 6. HP: 49/50 MP: 10/10
  3351 | D:4      | Noticed Dowan
  3352 | D:4      | Noticed Duvessa
  3368 | D:4      | Killed Duvessa
  3368 | D:4      | Killed Dowan
  3369 | D:4      | Your scales start taking on a fiery red colour.
  3369 | D:4      | Reached XP level 7. HP: 23/57 MP: 7/11
  3369 | D:4      | Gained mutation: Your flesh is heat resistant. (rF+) [Red
                  | Draconian growth]
  3771 | D:4      | Learned a level 4 spell: Olgreb's Toxic Radiance
  4043 | D:5      | Entered Level 5 of the Dungeon
  4292 | D:5      | HP: 2/85 [hornet zombie (3)]
  4293 | D:5      | Slain by a hornet zombie

Illustrated notes

Levels and vault maps discovered:
D:1:      shiori_arrival_oz, layout_basic
D:2:      layout_rooms
D:3:      layout_loops_ring, shapermc_ecumenical_altar_hornbeckon,
          minmay_misc_feat_secret_circle
D:4:      layout_cave_pods, temple_pool_b, uniq_ijyb, uniq_duvessa
D:5:      layout_basic
Temple:   eino_narrow_crystal_temple

Skill      XL: |  1  2  3  4  5  6 |
---------------+-------------------+-----
Stealth        | 2 |  2.0
Dodging        | 2 3 |  3.2
Fighting       | 1 2 3 |  3.1
Transmutations | 2 3 |  3.0
Necromancy     | 1 2 |  2.2
Poison Magic   | 4 |  4.9
Spellcasting   | 3 |  3.3
Conjurations   | |  0.3
Fire Magic     | |  0.3

Action                   |  1- 3 |  4- 6 |  7- 9 || total
-------------------------+-------+-------+-------++-------
Melee: Unarmed           |    17 |       |       ||    17
       Tailslap          |     5 |    10 |     5 ||    20
       Short sword       |    14 |   122 |     7 ||   143
       Punch             |       |     2 |     1 ||     3
       Rapier            |       |       |    33 ||    33
 Cast: Sting             |    49 |    73 |     7 ||   129
 Abil: Breathe Fire      |       |       |     2 ||     2
  Use: Potion            |       |     3 |     2 ||     5
 Stab: Sleeping          |       |     3 |     1 ||     4
Armor: Skin              |    10 |    59 |    26 ||    95
Dodge: Dodged            |    37 |   101 |    22 ||   160
